 Dungeon Crawl Stone Soup version 0.13.0-59-g13bd910 (webtiles) character file.

102420 MackTheKnife the Black Belt (level 15, -21/130 HPs)
             Began as a Purple Draconian Monk on Nov 19, 2013.
             Was a High Priest of Makhleb.
             Killed from afar by a dragon (60 damage)
             ... with a blast of flame
             ... on Level 18 of the Dungeon.
             The game lasted 01:55:39 (43579 turns).

MackTheKnife the Black Belt (DrMo)                 Turns: 43579, Time: 01:55:39

HP -21/130       AC 12     Str 13      XL: 15   Next: 74%
MP  27/27        EV 20     Int 16 (17) God: Makhleb [*****.]
Gold 4189        SH  0     Dex 19      Spells:  4 memorised,  2 levels left

Res.Fire  : . . .   See Invis. : .     - Unarmed
Res.Cold  : + . .   Warding    : +   (armour unavailable)
Life Prot.: + . .   Conserve   : .   (no shield)
Res.Poison: .       Res.Corr.  : .   R - -1 wizard hat
Res.Elec. : .       Clarity    : .   P - +0 cloak
Sust.Abil.: . .     Spirit.Shd : .   p - +0 pair of dwarf gloves
Res.Mut.  : .       Stasis     : .   d - +1 pair of boots
Res.Rott. : .       Flight     : .   h - amulet of warding
Saprovore : . . .                    v - ring of protection from cold
                                     G - +5 ring of intelligence

@: very resistant to hostile enchantments, fairly stealthy
A: breathe power, unfitting armour, -10% mp, wild magic 1, AC +9
a: Breathe Dispelling Energy, Minor Destruction, Lesser Servant of Makhleb,
Major Destruction, Greater Servant of Makhleb, Renounce Religion


You were on level 18 of the Dungeon.
You worshipped Makhleb.
Makhleb was extremely pleased with you.
You were not hungry.

You visited 4 branches of the dungeon, and saw 31 of its levels.
You also visited: Ice Cave.

You collected 4863 gold pieces.
You spent 674 gold pieces at shops.


Innate Abilities, Weirdness & Mutations

You can breathe bolts of energy.
You can dispel enchantments when you breathe energy.
Your rich purple scales are hard (AC +9).
Your body does not fit into most forms of armour.
Your cold-blooded metabolism reacts poorly to cold.
Your magical capacity is low (-10% MP).
Your spells are a little harder to cast, but a little more powerful.


   Skills:
 - Level 14.0 Fighting
 - Level 10.0 Dodging
 - Level 1.7 Stealth
 - Level 15.1 Unarmed Combat
 + Level 10.5 Charms
 + Level 9.4 Ice Magic
 - Level 13.3 Invocations


You had 2 spell levels left.
You knew the following spells:

 Your Spells              Type           Power        Failure   Level  Hunger
a - Ozocubu's Armour      Chrm/Ice       #####.....   4%          3    ####...
b - Condensation Shield   Ice            #####.....   16%         4    #####..
d - Repel Missiles        Chrm/Air       ####......   13%         2    ###....
f - Flight                Chrm/Air       ####......   22%         3    ####...

Inventory:

Armour
 d - a +1 pair of boots (worn)
 p - a +0 pair of dwarven gloves (worn)
 P - a +0 cloak (worn)
 R - a -1 wizard hat (worn)
Magical devices
 k - a wand of fire (7)
 t - a wand of disintegration (7)
 O - a wand of disintegration (12)
 S - a wand of heal wounds (4)
 W - a wand of heal wounds (0)
Comestibles
 b - 2 bread rations
 c - a banana
 l - a snozzcumber
 C - 6 honeycombs
 H - 3 cheeses
 I - 2 apples
 N - 2 pears
Scrolls
 a - 9 scrolls of remove curse
 e - a scroll of blinking
 u - 2 scrolls of fear
 x - 2 scrolls of identify
 T - 2 scrolls of teleportation
 U - 2 scrolls of magic mapping
Jewellery
 g - an uncursed ring of see invisible {unknown}
 h - an amulet of warding (around neck)
 i - an uncursed ring of flight
 j - an uncursed ring of fire
 q - a +1 ring of protection
 v - a ring of protection from cold (right hand)
 G - a +5 ring of intelligence (left hand)
Potions
 m - 3 potions of agility
 o - 5 potions of curing
 r - 2 potions of magic
 s - a potion of degeneration {unknown}
 w - 3 potions of restore abilities
 z - 4 potions of brilliance
 A - 2 potions of paralysis {unknown}
 E - 4 potions of might
 J - 2 potions of speed
 K - a potion of berserk rage
 L - a potion of invisibility {unknown}
 Q - a potion of flight
Miscellaneous
 f - a bottled efreet
 n - a sack of spiders

▒····▒▒▒▒······▒▒▒
···▒▒
▒······▒▒▒▒··▒▒▒
····▒▒
▒▒▒▒·····▒▒▒▒▒
······ ▒▒·····▒
▒▒▒ ·····
▒▒····▒▒▒▒··▒▒
▒····
▒·[·▒▒▒▒······
▒▒··
▒·▒▒▒▒····>···· ▒
▒·····%D·▒·▒
▒▒▒···d·4··▒
▒▒▒▒▒▒▒▒·▒ ▒


You could see a dragon and a friendly hellwing.


Message History

The dragon barely misses you.
Your hellwing hits the dragon! Your hellwing hits the dragon.
You hit the dragon.
The dragon is moderately wounded.
The dragon completely misses you. The dragon claws you.
* * * LOW HITPOINT WARNING * * *
The dragon tramples you.
* * * LOW HITPOINT WARNING * * *
You hold your ground!
Your hellwing hits the dragon! Your hellwing hits the dragon.
You punch the dragon!
The dragon is severely wounded.
The dragon breathes fire at you. The blast of flame hits you!
* * * LOW HITPOINT WARNING * * *
The dragon resists.
Unknown command.
Wear which item? (? for menu, Esc to quit)
Okay, then.
Evoke which item? (* to show all) (? for menu, Esc to quit)
Zapping:
W - a wand of heal wounds (1)
You feel much better.
This wand has 0 charges left.
The dragon claws your hellwing.
Your hellwing hits the dragon. You hit the dragon.
The dragon is severely wounded.
You hit the dragon but do no damage. You tail-slap the dragon.
The dragon is severely wounded.
The dragon breathes fire at you. The blast of flame hits you!
You die...

Action                   |  1- 3 |  4- 6 |  7- 9 | 10-12 | 13-15 || total
-------------------------+-------+-------+-------+-------+-------++-------
Melee: Unarmed           |   117 |   246 |   577 |  1258 |  2545 ||  4743
 Cast: Ozocubu's Armour  |       |       |       |       |     7 ||     7
       Condensation Shie |       |       |       |       |     3 ||     3
Invok: Lesser Servant of |       |       |       |    45 |    71 ||   116
       Minor Destruction |       |       |       |     1 |       ||     1
       Greater Servant o |       |       |       |       |    13 ||    13
       Major Destruction |       |       |       |       |     3 ||     3
 Abil: Breathe Dispellin |       |       |    19 |    23 |    13 ||    55
Evoke: Wand              |       |     4 |    36 |    20 |    16 ||    76
  Use: Scroll            |       |     5 |    16 |    17 |    17 ||    55
       Potion            |       |       |     6 |     6 |    14 ||    26
 Stab: Sleeping          |     3 |     2 |     4 |    10 |    15 ||    34
       Confused          |       |       |     1 |       |       ||     1
       Distracted        |       |       |       |    15 |    23 ||    38
       Fleeing           |       |       |       |       |     1 ||     1

Vault maps used:
D:1:      ncdulo_watergridlock
D:2:      corexii_corridor_pit, lemuel_flame_loot_1, uniq_sigmund, uniq_iyjb
D:3:      uniq_crazy_yiuf_cottage, uniq_terence
D:4:      infiniplex_staircase_9_rooms, first_bread, serial_shops, shop
D:5:      st_stairs_8, uniq_pikel, uniq_edmund
D:6:      lemuel_temple_firewalk
D:7:      corexii_corridor_pit, tgw_sif, uniq_blork_the_orc
D:8:      hangedman_cross_veins, nicolae_overflow_hidden_temple,
          david_lair_shrubbed, hangedman_pestilent_swarm, minivault_14,
          uniq_duvessa
D:9:      erik_orc_4
D:10:     uniq_grum
D:11:     eino_jars, minmay_misc_feat_cross
D:12:     st_stairs_1, uniq_josephine
D:13:     minmay_misc_feat_encased, uniq_fannar, uniq_gastronok
D:14:     zin_angel
D:15:     vaults_0_dummy, infiniplex_staircase_pillars_3a
D:16:     hourglass_vault, serial_co_window_serial, co_window_paths_a,
          co_window_corner_a, co_window_paths_a, co_window_paths_b,
          co_window_cross_1, co_window_cross_1, co_window_cross_1,
          co_window_cross_1, co_window_cross_1, co_window_corner_b,
          co_window_unsneaky_path_d, co_window_corner_b, glass_columns_b,
          glass_columns_b, glass_columns_b, glass_columns_a, glass_columns_c
D:17:     uniq_jorgrun, uniq_aizul
D:18:     minivault_25, minmay_misc_feat_x, uniq_louise, uniq_wiglaf
Temple:   chambers_temple_14
Orc:2:    mines4_lemuel, orc_temple, uniq_joseph, uniq_maurice, uniq_urug,
          uniq_sonja
Orc:3:    portal_ice_cave_entry_imps
Orc:4:    grunt_orc_community_town_hall, grunt_orc_community_big_house_1,
          grunt_orc_community_big_house_2, grunt_orc_community_house_2,
          grunt_orc_community_house_2, grunt_orc_community_house_1,
          grunt_orc_community_house_3, grunt_orc_community_house_1, uniq_erica
Lair:3:   roderic_carrion_pond
Lair:4:   shoals_dummy_entry, guppyfry_snake_entry_garden, st_stairs_6,
          uniq_harold
Lair:6:   kilobyte_rumbling_trees
Lair:7:   nicolae_slime_entry_wandering_lumps
Lair:8:   kennels, wormcave, serial_bayou_lagoon_b
IceCv:    ice_cave_tombish

Notes
Turn   | Place    | Note
--------------------------------------------------------------
     0 | D:1      | MackTheKnife, the Draconian Monk, began the quest for the Orb.
     0 | D:1      | Reached XP level 1. HP: 17/17 MP: 0/0
   126 | D:1      | Reached XP level 2. HP: 19/24 MP: 1/1
   481 | D:1      | Reached skill level 5 in Unarmed Combat
   481 | D:1      | Reached XP level 3. HP: 22/30 MP: 2/2
   766 | D:2      | Noticed Sigmund
   930 | D:2      | Noticed Ijyb
   957 | D:2      | Killed Ijyb
  1014 | D:2      | Reached XP level 4. HP: 33/37 MP: 3/3
  1441 | D:2      | Reached skill level 6 in Unarmed Combat
  2256 | D:3      | Noticed Crazy Yiuf
  2264 | D:3      | Killed Crazy Yiuf
  2264 | D:3      | Reached XP level 5. HP: 38/44 MP: 4/4
  2529 | D:3      | Reached skill level 4 in Fighting
  2871 | D:3      | Noticed Terence
  2884 | D:3      | Killed Terence
  2964 | D:3      | Reached XP level 6. HP: 45/51 MP: 5/5
  3320 | D:4      | Noticed an ogre
  3475 | D:4      | Noticed an ogre
  3493 | D:4      | Got a pair of faintly humming gloves
  3504 | D:4      | Identified the cursed -3 pair of gloves of Grace {Str-2 Dex+2} (You found it on level 4 of the Dungeon)
  3544 | D:4      | HP: 2/51 [ogre/giant club (33)]
  3545 | D:4      | Killed an ogre
  3545 | D:4      | Reached skill level 5 in Fighting
  3545 | D:4      | Reached skill level 7 in Unarmed Combat
  3974 | D:4      | Found Kuqugi Ruha's Jewellery Shop.
  3989 | D:4      | Bought an uncursed amulet of inaccuracy for 24 gold pieces
  4466 | D:4      | Killed an ogre
  4466 | D:4      | Your scales start taking on a rich purple colour.
  4466 | D:4      | Reached XP level 7. HP: 56/58 MP: 6/6
  4524 | D:5      | Entered Level 5 of the Dungeon
  4628 | D:5      | Noticed Pikel
  5336 | D:5      | Noticed Edmund
  5345 | D:5      | Killed Edmund
  5345 | D:5      | Reached skill level 6 in Fighting
  5404 | D:5      | Noticed Pikel
  5404 | D:5      | Pikel changed into Pikel the yak
  5427 | D:5      | Killed Pikel the yak
  5427 | D:5      | Reached skill level 8 in Unarmed Combat
  5639 | D:5      | Paralysed by a giant eyeball for 3 turns
  5670 | D:5      | HP: 1/59 [ogre/giant club (13)]
  6123 | D:5      | Reached skill level 3 in Dodging
  6220 | D:5      | Reached XP level 8. HP: 59/67 MP: 7/7
  6531 | D:6      | Reached skill level 4 in Dodging
  6694 | D:6      | Found a staircase to the Ecumenical Temple.
  6779 | Temple   | Entered the Ecumenical Temple
  7036 | Temple   | Became a worshipper of Makhleb the Destroyer
  7036 | Temple   | Acquired Makhleb's first power
  7036 | Temple   | Acquired Makhleb's second power
  7156 | D:6      | Reached skill level 9 in Unarmed Combat
  7370 | D:7      | Noticed Blork the orc
  7528 | D:7      | Reached skill level 5 in Dodging
  7730 | D:7      | Found a deep blue altar of Sif Muna.
  8012 | D:8      | Acquired Makhleb's third power
  8075 | D:8      | Noticed Dowan
  8077 | D:8      | Noticed Duvessa
  8099 | D:8      | Killed Dowan
  8100 | D:8      | Killed Duvessa
  8100 | D:8      | Reached XP level 9. HP: 67/73 MP: 8/8
  8238 | D:8      | Reached skill level 6 in Dodging
  8271 | D:8      | Reached skill level 10 in Unarmed Combat
  9007 | D:8      | Acquired Makhleb's fourth power
  9217 | D:8      | Paralysed by a giant eyeball for 2 turns
  9327 | D:8      | Reached skill level 7 in Dodging
  9377 | D:8      | Noticed a hill giant
  9377 | D:8      | Noticed a hill giant
  9518 | D:8      | Noticed a six-headed hydra
  9737 | D:8      | Killed a hill giant
  9737 | D:8      | Reached skill level 11 in Unarmed Combat
  9939 | D:8      | Killed a hill giant
  9939 | D:8      | Reached skill level 8 in Dodging
  9939 | D:8      | Reached XP level 10. HP: 67/81 MP: 9/9
 10110 | D:8      | Found a staircase to the Lair.
 10111 | D:8      | Noticed a komodo dragon
 10137 | D:8      | Killed a komodo dragon
 10194 | D:8      | Acquired Makhleb's fifth power
 10359 | D:9      | Found a staircase to the Orcish Mines.
 10394 | Lair:1   | Entered Level 1 of the Lair of Beasts
 10629 | Lair:1   | Reached skill level 9 in Dodging
 11585 | Lair:1   | Noticed a black mamba
 11590 | Lair:1   | Killed a black mamba
 12321 | Lair:2   | Reached skill level 10 in Dodging
 12453 | Lair:2   | Reached skill level 1 in Invocations
 12746 | Lair:2   | Reached skill level 2 in Invocations
 13037 | Lair:3   | Reached skill level 3 in Invocations
 13063 | Lair:3   | Reached skill level 4 in Invocations
 13092 | Lair:3   | Reached skill level 5 in Invocations
 13101 | Lair:3   | Reached XP level 11. HP: 84/88 MP: 18/18
 13162 | Lair:3   | Reached skill level 6 in Invocations
 13367 | Lair:3   | Reached skill level 7 in Invocations
 13591 | Lair:3   | Reached skill level 8 in Invocations
 13600 | Lair:3   | Noticed an eight-headed hydra
 13781 | Lair:4   | Found a staircase to the Shoals.
 14047 | Lair:4   | Found a staircase to the Snake Pit.
 14392 | Lair:4   | Reached skill level 9 in Invocations
 14412 | Lair:4   | HP: 8/88 [elephant slug (35)]
 14661 | Lair:4   | Noticed Harold
 15017 | Lair:5   | Reached skill level 10 in Invocations
 15626 | Lair:5   | Reached skill level 7 in Fighting
 16075 | Lair:5   | Reached skill level 8 in Fighting
 16301 | Lair:6   | Noticed a four-headed hydra
 16308 | Lair:6   | Killed a four-headed hydra
 16346 | Lair:6   | Noticed a six-headed hydra
 16355 | Lair:6   | Killed a six-headed hydra
 16355 | Lair:6   | Reached skill level 9 in Fighting
 16355 | Lair:6   | Reached XP level 12. HP: 70/99 MP: 25/25
 17787 | Lair:6   | Reached skill level 10 in Fighting
 17806 | Lair:6   | Reached skill level 12 in Unarmed Combat
 18621 | Lair:7   | Found a staircase to the Slime Pits.
 18926 | Lair:7   | Noticed a six-headed hydra
 18939 | Lair:7   | Killed a six-headed hydra
 19414 | Lair:7   | Noticed an eight-headed hydra
 19427 | Lair:7   | Killed an eight-headed hydra
 19427 | Lair:7   | Reached skill level 13 in Unarmed Combat
 19528 | Lair:8   | Entered Level 8 of the Lair of Beasts
 19528 | Lair:8   | Noticed a four-headed hydra
 19746 | Lair:8   | Killed a four-headed hydra
 20447 | Lair:8   | Noticed a four-headed hydra
 20467 | Lair:8   | Killed a four-headed hydra
 20467 | Lair:8   | Reached skill level 14 in Unarmed Combat
 21546 | Lair:8   | Noticed an eight-headed hydra
 21562 | Lair:8   | Killed an eight-headed hydra
 21877 | Lair:8   | Reached XP level 13. HP: 46/107 MP: 26/26
 22479 | Lair:8   | Reached skill level 15 in Unarmed Combat
 23646 | Lair:8   | Noticed a dragon
 23675 | Lair:8   | Killed a dragon
 23675 | Lair:8   | Reached skill level 11 in Fighting
 24582 | Lair:6   | Reached skill level 12 in Fighting
 25124 | Lair:2   | Learned a level 3 spell: Flight
 25861 | D:9      | Gained mutation: Your spells are a little harder to cast, but a little more powerful. [potion of beneficial mutation]
 26169 | D:10     | Entered Level 10 of the Dungeon
 26226 | D:10     | Noticed Grum
 26324 | D:10     | Reached skill level 11 in Invocations
 26337 | D:10     | Killed Grum
 26691 | D:10     | Paralysed by a giant eyeball for 2 turns
 26949 | Orc:1    | Entered Level 1 of the Orcish Mines
 28019 | Orc:2    | Noticed Joseph
 28021 | Orc:2    | Noticed Maurice
 28051 | Orc:2    | Noticed Urug
 28085 | Orc:2    | Killed Urug
 28290 | Orc:2    | Noticed an orc warlord
 28297 | Orc:2    | Killed an orc warlord
 28306 | Orc:2    | Reached skill level 12 in Invocations
 28573 | Orc:2    | Found a roughly hewn altar of Beogh.
 28813 | Orc:2    | Noticed Sonja
 28869 | Orc:2    | Killed Sonja
 29464 | Orc:3    | Found a staircase to the Elven Halls.
 29565 | Orc:3    | Found a frozen archway.
 29621 | IceCv    | Entered an ice cave
 29686 | IceCv    | Reached XP level 14. HP: 119/119 MP: 29/29
 29713 | IceCv    | Reached skill level 13 in Invocations
 30398 | Orc:4    | Entered Level 4 of the Orcish Mines
 30531 | Orc:4    | Found a roughly hewn altar of Beogh.
 30568 | Orc:4    | Found Archaab's Book Shoppe.
 30615 | Orc:4    | Found Macal's Book Shoppe.
 30615 | Orc:4    | Found a roughly hewn altar of Beogh.
 30668 | Orc:4    | Noticed Erica
 30679 | Orc:4    | Killed Erica
 30967 | Orc:4    | Reached skill level 13 in Fighting
 31549 | Orc:4    | Found a roughly hewn altar of Beogh.
 31892 | Orc:4    | Noticed an orc warlord
 31932 | Orc:4    | Killed an orc warlord
 32613 | Orc:4    | Found a roughly hewn altar of Beogh.
 32613 | Orc:4    | Found Ihaijuro's Antique Armour Shop.
 32616 | Orc:4    | Found Wuvuttua's Antique Weapon Boutique.
 32632 | Orc:4    | Bought a pair of dwarven boots for 50 gold pieces
 32737 | Orc:4    | Bought Fuyb's Easy Spellcasting for 600 gold pieces
 32741 | Orc:4    | Learned a level 2 spell: Repel Missiles
 33785 | D:12     | Noticed Josephine
 33797 | D:12     | Killed Josephine
 34043 | D:12     | Reached skill level 14 in Fighting
 34268 | D:13     | Learned a level 3 spell: Ozocubu's Armour
 34311 | D:13     | Reached skill level 1 in Charms
 34360 | D:13     | Reached skill level 1 in Ice Magic
 34619 | D:13     | Gained mutation: Your magical capacity is low (-10% MP). [a neqoxec]
 34651 | D:13     | Reached skill level 2 in Charms
 34756 | D:13     | Noticed Fannar
 34775 | D:13     | Killed Fannar
 34778 | D:13     | Reached skill level 2 in Ice Magic
 34835 | D:13     | Paralysed by a giant eyeball for 4 turns
 34877 | D:13     | Noticed Gastronok
 34888 | D:13     | Killed Gastronok
 34888 | D:13     | Reached skill level 3 in Charms
 35037 | D:13     | Paralysed by a giant eyeball for 3 turns
 35186 | D:13     | Reached skill level 3 in Ice Magic
 35456 | D:14     | Entered Level 14 of the Dungeon
 35498 | D:14     | Reached skill level 4 in Charms
 35544 | D:14     | Noticed an angel
 35545 | D:14     | Found a glowing silver altar of Zin.
 35696 | D:14     | Noticed Chiseanne's ghost (powerful OpMo)
 35710 | D:14     | Killed Chiseanne's ghost
 35753 | D:14     | Reached skill level 4 in Ice Magic
 36063 | D:14     | Reached skill level 5 in Charms
 36519 | D:15     | Entered Level 15 of the Dungeon
 36637 | D:15     | Reached skill level 5 in Ice Magic
 36769 | D:15     | Reached skill level 6 in Charms
 37204 | D:15     | Found a staircase to the Vaults.
 37240 | D:15     | Reached XP level 15. HP: 130/130 MP: 27/27
 37749 | Lair:2   | Learned a level 4 spell: Condensation Shield
 38088 | D:16     | Reached skill level 6 in Ice Magic
 38361 | D:16     | Reached skill level 7 in Charms
 39235 | D:16     | Noticed a titan
 39260 | D:16     | Killed a titan
 39266 | D:16     | Reached skill level 7 in Ice Magic
 39278 | D:16     | Reached skill level 8 in Charms
 39889 | D:17     | Noticed Jorgrun
 40298 | D:17     | Killed Jorgrun
 40946 | D:17     | Noticed Aizul
 40990 | D:17     | Killed Aizul
 41397 | D:17     | Reached skill level 9 in Charms
 41598 | D:17     | Reached skill level 8 in Ice Magic
 42311 | D:18     | Noticed Louise
 42365 | D:18     | Killed Louise
 42703 | D:18     | Reached skill level 10 in Charms
 43106 | D:18     | Reached skill level 9 in Ice Magic
 43579 | D:18     | Killed from afar by a dragon

Vanquished Creatures
  A titan (D:16)
  The ghost of Chiseanne the Hoplite, a powerful OpMo of Nemelex Xobeh (D:14)
  A dragon (Lair:8)
  Fannar (D:13)
  Josephine (D:12)
  4 hydras
  Erica (Orc:4)
  2 ogre magi
  2 death yaks (Lair:6)
  7 centaur warriors
  Urug (Orc:2)
  3 deep elf knights
  An orc high priest (Orc:2)
  A skeletal warrior (D:18)
  An ice devil (IceCv)
  6 hill giants
  3 ice statues (IceCv)
  2 orc knights (Orc:2)
  A lindwurm (Lair:8)
  A necromancer (IceCv)
  2 orc sorcerers
  A stone giant zombie (D:17)
  3 griffons
  3 spiny worms (Lair:8)
  2 cyclopes
  2 black mambas
  11 spiny frogs
  3 elephants (Lair:8)
  A spriggan druid (Lair:6)
  2 orange demons
  A smoke demon (Orc:2)
  5 yaktaurs
  6 komodo dragons
  3 hellwings
  4 giant fireflies (Lair:8)
  4 blue devils (IceCv)
  2 trolls
  An efreet (D:15)
  2 giant leeches (Lair:8)
  A fire drake (Lair:3)
  Sonja (Orc:2)
  A wind drake (shapeshifter) (D:16)
  6 blink frogs
  A giant firefly (shapeshifter) (D:16)
  A red wasp zombie (D:17)
  2 grizzly bears (Lair:6)
  4 two-headed ogres
  A boulder beetle (Lair:8)
  3 griffon zombies
  2 basilisks
  3 slime creatures (D:15)
  3 vampires
  An octopode (shapeshifter) (D:18)
  3 shadows
  3 hungry ghosts
  An elephant slug (Lair:4)
  47 yaks
  A wyvern (D:10)
  19 ugly things
  A wraith (D:16)
  Grum (D:10)
  2 hill giant zombies
  3 manticores
  7 hippogriffs
  3 rock worms (Lair:8)
  3 neqoxecs
  A steam dragon (D:8)
  5 necrophages (Lair:3)
  Edmund (D:5)
  9 vampire mosquitoes
  13 wolves
  A mottled dragon (D:13)
  8 porcupines
  9 ice beasts
  A yellow wasp (D:11)
  A soldier ant (D:11)
  2 sky beasts
  24 orc warriors
  2 nagas (Lair:4)
  20 ogres
  3 phantoms
  4 slaves
  2 boring beetles (D:8)
  11 centaurs
  A warg (Orc:4)
  14 crocodiles
  Duvessa (D:8)
  A fire crab zombie (D:17)
  A spriggan simulacrum (IceCv)
  11 giant frogs
  6 giant slugs
  A wyvern zombie (D:14)
  6 big kobolds
  3 brain worms
  2 cyclops zombies
  12 water moccasins
  3 agate snails
  A manticore skeleton (D:11)
  A boulder beetle zombie (D:16)
  A jellyfish (Lair:8)
  11 killer bees
  4 wights (D:9)
  2 troll skeletons
  3 electric eels (Lair:8)
  9 crimson imps
  10 hounds
  2 quasits
  4 goliath beetles
  2 giant frog zombies
  2 centaur skeletons (D:8)
  Crazy Yiuf (D:3)
  37 orc priests
  2 scorpions
  A two-headed ogre zombie (D:14)
  4 big fish (Lair:8)
  35 orc wizards
  Dowan (D:8)
  2 jellies
  2 giant frog skeletons
  A rock worm simulacrum (D:18)
  4 iguanas
  A two-headed ogre skeleton (D:8)
  7 worker ants
  A killer bee zombie (D:8)
  An orange rat (D:5)
  2 troll simulacra (IceCv)
  14 sheep
  A mottled dragon zombie (D:16)
  2 ogre zombies
  Ijyb (D:2)
  An ogre skeleton (D:4)
  A big kobold zombie (D:13)
  2 mottled dragon skeletons (D:16)
  A centaur simulacrum (IceCv)
  A hound zombie (D:6)
  Terence (D:3)
  2 mummies
  4 gnolls (D:8)
  12 white imps (Orc:3)
  25 adders
  6 giant centipedes
  43 green rats
  2 draconian simulacra (IceCv)
  3 giant mites
  2 naga simulacra (IceCv)
  2 goliath beetle zombies (D:8)
  18 worms
  2 ufetubi (Orc:2)
  An adder zombie (D:5)
  6 giant eyeballs
  9 giant geckos
  5 oozes
  146 orcs
  2 ball pythons (D:2)
  18 bats
  A bat skeleton (D:4)
  5 giant cockroaches
  20 goblins
  18 hobgoblins
  A human (D:9)
  30 kobolds
  5 quokkas
  9 giant newts
  A hobgoblin skeleton (D:4)
  29 jackals
  27 rats
  A plant (Lair:8)
1036 creatures vanquished.

Vanquished Creatures (collateral kills)
  Aizul (D:17)
  Louise (D:18)
  2 orc warlords
  Gastronok (D:13)
  Jorgrun (D:17)
  A deep elf annihilator (D:18)
  A siren (shapeshifter) (D:18)
  4 hydras
  A ravenous feature mimic (IceCv)
  4 death yaks
  A centaur warrior (D:16)
  6 skeletal warriors (D:18)
  An unseen horror (D:17)
  A deep elf knight (D:18)
  3 hill giants
  A lindwurm (Lair:8)
  A cyclops (Orc:4)
  2 orc knights
  3 elephants (Lair:8)
  A stone giant skeleton (D:18)
  5 spiny worms
  5 black mambas
  A smoke demon (D:18)
  2 spiny frogs
  2 blue devils (IceCv)
  7 yaktaurs
  A komodo dragon (Lair:5)
  A troll (Orc:2)
  A giant leech (Lair:8)
  3 slime creatures (D:15)
  A two-headed ogre (D:16)
  A basilisk (Lair:5)
  4 blink frogs
  A grizzly bear (Lair:6)
  11 ugly things
  7 yaks
  A deep elf mage (D:18)
  2 vampire mosquitoes
  2 rock worms (Lair:8)
  16 orc warriors
  An ice beast (shapeshifter) (D:13)
  6 ice beasts
  A brain worm (Lair:8)
  An ogre (D:17)
  3 giant slugs
  A giant frog (D:16)
  A big kobold (D:11)
  3 water moccasins
  3 agate snails
  A wyvern skeleton (D:12)
  A cyclops skeleton (D:12)
  A jellyfish (Lair:8)
  A manticore skeleton (D:12)
  2 electric eels (Lair:8)
  8 killer bees
  A yak skeleton (D:12)
  3 big fish (Lair:8)
  3 orc priests
  2 worker ants
  An iguana (D:14)
  3 orc wizards
  A troll simulacrum (IceCv)
  A crocodile skeleton (D:12)
  A lemure (Lair:8)
  2 adders
  4 green rats (Lair:6)
  A naga simulacrum (IceCv)
  4 worms
  A grey rat (D:14)
  13 orcs
  A goblin (Orc:4)
  3 bats
  4 kobolds
  A rat (D:14)
  2 plants (Lair:8)
197 creatures vanquished.

Vanquished Creatures (others)
  A cacodemon (D:18)
  A green death (D:17)
  A black mamba (Lair:1)
  7 orange demons
  7 smoke demons
  10 hellwings
  9 ynoxinuls
  12 neqoxecs
  An ogre (D:17)
  3 quasits
  5 crimson imps
  5 iron imps
  A lemure (D:14)
  8 shadow imps
  8 white imps
  60 ufetubi
  A giant spore (D:9)
  14 fungi
  13 plants
167 creatures vanquished.

Grand Total: 1400 creatures vanquished
